Map: King Sejong Station LE

Players

AHS - Winner!

  • Race: Zerg Zerg

A.I. 1 (Very Easy)

  • Race: Protoss Protoss

VOD

Have the link to the VOD?

Description

Time

  • Played on: Oct. 18, 2016, 11:30 p.m.
  • Length: 10:18
Show
View Real Time Build Order
Export as new Build Order

AHS Zerg - Winner!

Build Orders: Hatch First 

Get SALT Encoding   

  12  0:01  Drone  
  13  0:14  Overlord  
  13  0:18  Drone  
  14  0:33  Drone  
  14  0:34  Drone  
  16  0:37  Drone  
  17  0:53  Unknown, Hatchery  
  17  0:56  Drone  
  17  1:03  Drone  
  18  1:06  Extractor  
  18  1:09  Drone  
  18  1:19  Spawning Pool  
  17  1:30  Drone  
  17  1:31  Drone  
  19  1:42  Overlord  
  19  1:53  Drone  
  20  2:04  Unknown  
  20  2:05  Drone  
  20  2:07  Queen x2  
  25  2:09  Metabolic Boost  
  25  2:11  Zergling x2  
  25  2:13  Zergling x2  
  27  2:20  Drone  
  28  2:27  Drone  
  28  2:28  Drone  
  30  2:41  Overlord  
  30  2:42  Drone  
  31  2:46  Lair  
  31  2:52  Queen  
  31  2:58  Drone x3  
  35  3:01  Drone  
  37  3:13  Drone x2  
  39  3:23  Drone  
  39  3:24  Drone x4  
  39  3:25  Overlord x2  
  44  3:57  Hydralisk Den  
  44  3:58  Unknown, Hatchery  
  44  4:00  Drone  
  44  4:01  Drone x2  
  44  4:02  Drone x8  
  53  4:05  Extractor  
  52  4:10  Extractor  
  52  4:12  Extractor  
  50  4:22  Drone  
  50  4:23  Drone x2  
  53  4:24  Overlord  
  53  4:53  Hydralisk x3  
  53  4:54  Hydralisk  
  53  4:56  Overlord  
  53  4:57  Overlord  
  53  4:58  Drone x4  
  65  5:06  Evolution Chamber  
  64  5:09  Evolution Chamber, Unknown  
  64  5:13  Hydralisk x2  
  64  5:14  Hydralisk  
  65  5:15  Hydralisk  
  71  5:23  Unknown, Hatchery  
  71  5:24  Queen  
  71  5:26  Queen  
  74  5:38  Zerg Ground Armor Level 1, Zerg Missile Weapons Level 1  
  74  5:39  Baneling Nest  
  73  5:44  Muscular Augments  
  73  5:48  Drone  
  73  5:49  Drone x5  
  79  6:03  Drone  
  79  6:04  Overlord, Drone x5  
  85  6:22  Centrifical Hooks  
  85  6:28  Drone x4  
  85  6:29  Drone x7  
  96  6:33  Extractor  
  96  6:34  Unknown  
  96  6:39  Extractor  
  94  6:43  Overlord x5  
  94  6:51  Hydralisk  
  94  6:52  Hydralisk x3  
  94  6:53  Hydralisk  
  104  6:56  Overlord x2  
  104  7:20  Hydralisk  
  104  7:21  Hydralisk x12  
  130  7:33  Zerg Ground Armor Level 2  
  130  7:38  Zerg Missile Weapons Level 2  
  130  7:50  Zergling x2  
  130  7:51  Zergling x22  
  142  8:10  Overlord x2  
  142  8:11  Overlord x2, Hydralisk x7  
  156  8:24  Baneling  
  156  8:25  Baneling x12  
  156  8:26  Baneling x4  
  156  8:35  Hydralisk  
  156  8:36  Hydralisk x2  
  156  8:37  Zergling x8  
  156  8:38  Zergling x8  
  170  9:11  Hydralisk x5  
  170  9:12  Hydralisk x6  
  188  9:33  Unknown, Hatchery  
Show
View Real Time Build Order
Export as new Build Order

A.I. 1 (Very Easy) Protoss 

Build Orders: 1 Gate Expand, Nexus First 

Get SALT Encoding   

  12  0:01  Probe (Chrono Boost)  
  13  0:11  Probe (Chrono Boost)  
  14  0:19  Pylon  
  14  0:42  Gateway  
  14  1:00  Nexus, Unknown  
  14  1:18  Pylon  
  14  1:21  Assimilator  
  14  1:26  Zealot  
  16  1:34  Cybernetics Core  
  16  1:37  Probe (Chrono Boost)  
  17  1:48  Probe (Chrono Boost)  
  18  1:57  Assimilator  
  18  1:59  Probe (Chrono Boost)  
  19  2:10  Probe (Chrono Boost), Stalker  
  19  2:12  Unknown  
  19  2:13  Probe (Chrono Boost)  
  19  2:14  Warp Gate  
  23  2:22  Probe (Chrono Boost)  
  24  2:28  Probe (Chrono Boost)  
  25  2:36  Probe (Chrono Boost)  
  26  2:48  Assimilator  
  26  2:49  Probe (Chrono Boost)  
  26  2:50  Pylon  
  27  2:56  Probe (Chrono Boost)  
  28  3:03  Probe (Chrono Boost)  
  29  3:09  Robotics Facility  
  29  3:10  Probe (Chrono Boost)  
  30  3:24  Probe (Chrono Boost)  
  31  3:27  Zealot  
  31  3:32  Probe (Chrono Boost)  
  34  3:38  Probe (Chrono Boost)  
  35  3:47  Probe (Chrono Boost)  
  36  3:54  Probe (Chrono Boost)  
  37  3:56  Observer  
  37  4:01  Probe (Chrono Boost)  
  39  4:07  Probe (Chrono Boost)  
  40  4:15  Probe (Chrono Boost)  
  41  4:18  Observer  
  41  4:23  Probe (Chrono Boost)  
  43  4:27  Assimilator  
  43  4:29  Probe (Chrono Boost)  
  44  4:36  Probe (Chrono Boost)  
  45  4:39  Pylon  
  45  4:43  Probe (Chrono Boost)  
  46  4:47  Sentry  
  46  4:50  Probe (Chrono Boost)  
  49  4:57  Probe (Chrono Boost)  
  50  8:52  Stalker x2  
  50  9:28  Sentry  
  46  9:34  Pylon  
  46  9:37  Probe (Chrono Boost)  
  23  9:52  Probe (Chrono Boost)  
  21  9:57  Stalker  
  21  9:58  Pylon  
Tags
 
Add a new tag
Caveats
  • Supply blocks, unpowered buildings, or Contaminate may cause inaccurate times.
  • Supply counts are checked every 10 seconds.